 Dungeon Sprint DCSS version 0.22.1-6-g1668fe2 (webtiles) character file.

30 Barsley the Covered (level 3, -3/36 HPs)
             Began as a Deep Dwarf Fighter on Jan 24, 2019.
             Was an Initiate of Qazlal.
             Slain by a draconian
             ... wielding a +0 dagger
              (7 damage)
             ... in the Dungeon (Sprint V: "Ziggurat Sprint").
             The game lasted 00:04:25 (178 turns).

Barsley the Covered (Deep Dwarf Fighter)             Turns: 178, Time: 00:04:26

Health: -3/36      AC: 27    Str: 20    XL:     3   Next: 3%
Magic:  3/3        EV:  6    Int:  8    God:    Qazlal [......]
Gold:   0          SH:  0    Dex: 12    Spells: 2/2 levels left

rFire    . . .     SeeInvis .   r - +7 mace of Variability {chain chaos}
rCold    . . .     Gourm    .   (shield currently unavailable)
rNeg     . . .     Faith    .   m - +15 Maxwell's patent armour {-Cast -Tele rElec MR+ rCorr}
rPois    .         Spirit   .   (no helmet)
rElec    +         Reflect  .   (no cloak)
rCorr    +         Harm     .   (no gloves)
MR       +....     NoTele   +   (no boots) Stlth ..........NoCast +
                                (no amulet)
HPRegen  0.00/turn              (no ring)
MPRegen  0.08/turn              (no ring)

@: non-regenerating
A: damage resistance, heal wounds, sense surroundings 1, no regeneration
a: Heal Wounds, Renounce Religion


You were in the Dungeon.
You worshipped Qazlal.
Qazlal was noncommittal.
You were not hungry.

You visited 1 branch

Inventory:

Hand Weapons
 a - a +0 war axe
 l - the cursed +14 obsidian axe {chop, +Fly SInv *Curse}
   (You found it in the Dungeon)

   It inflicts extra damage upon your enemies.
   It lets you see invisible.
   It lets you fly.
   It curses itself when equipped.
   It has a curse placed upon it.
 o - the +7 Singing Sword
   (You found it in the Dungeon)
 p - the +8 lance "Wyrmbane" {slay drac, rPois rF+ rC+ AC+3}
   (You found it in the Dungeon)

   It affects your AC (+3).
   It protects you from fire.
   It protects you from cold.
   It protects you from poison.
 q - the +7 longbow "Piercer" {penet, EV-2}
   (You found it in the Dungeon)

   Ammo fired by it will pass through the targets it hits, potentially hitting
   all targets in its path until it reaches maximum range.
   It affects your evasion (-2).
 r - the +7 mace of Variability (weapon) {chain chaos}
   (You found it in the Dungeon)

   Each time it hits an enemy it has a different, random effect.
 s - the +11 plutonium sword {*Contam Stlth-}
   (You found it in the Dungeon)

   It causes magical contamination when unequipped.
   It makes you less stealthy.
 t - the +6 shillelagh "Devastator" {shatter}
   (You found it in the Dungeon)
 u - the +0 sword of Power
   (You found it in the Dungeon)
 v - the +9 sword of Zonguldrok {reap}
   (You found it in the Dungeon)

   If a monster killed with it leaves a corpse in good enough shape, the corpse
   will be animated as a zombie friendly to the killer.
 W - the +6 Majin-Bo {vamp, Archmagi MP+6 Int+6}
   (You found it in the Dungeon)

   It inflicts no extra harm, but heals its wielder when it wounds a living foe.
   It affects your intelligence (+6).
   It affects your magic capacity (+6).
 X - the +10 dark maul {crush}
   (You found it in the Dungeon)

   It inflicts extra damage upon your enemies.
 Y - the +9 heavy crossbow "Sniper" {velocity, Acc+∞ SInv}
   (You found it in the Dungeon)

   Any bolt fired from it inflicts extra damage.
   It lets you see invisible.
 Z - the +7 great mace "Firestarter" {inner flame, rF++}
   (You found it in the Dungeon)

   It has been specially enchanted to burn those struck by it, causing extra
   injury to most foes and up to half again as much damage against particularly
   susceptible opponents.
   It greatly protects you from fire.
Armour
 b - a +0 scale mail
 c - a +0 shield
 m - the +15 Maxwell's patent armour (worn) {-Cast -Tele rElec MR+ rCorr}
   (You found it in the Dungeon)

   It insulates you from electricity.
   It affects your resistance to hostile enchantments.
   It prevents spellcasting.
   It prevents most forms of teleportation.
   It provides partial protection from all sources of acid and corrosion.
 n - the +18 shield of the Gong {rElec rN+ MR+ EV-5}
   (You found it in the Dungeon)

   It affects your evasion (-5).
   It insulates you from electricity.
   It protects you from negative energy.
   It affects your resistance to hostile enchantments.
 U - +5 gold dragon scales
 V - +5 shadow dragon scales
Magical Staves
 D - an uncursed staff of energy
Jewellery
 x - a +6 ring of dexterity
 y - a +6 ring of dexterity
 z - a +6 ring of intelligence
 A - a +6 ring of intelligence
 B - a +6 ring of strength
 C - a +6 ring of strength
 F - an uncursed ring of flight
Wands
 G - a wand of disintegration (7)
 H - a wand of iceblast (5)
 I - a wand of acid (7)
Scrolls
 k - 4 scrolls of blinking
 O - 4 scrolls of amnesia
 P - 7 scrolls of fog
 Q - a scroll of holy word
 R - 5 scrolls of identify
 S - 5 scrolls of remove curse
 T - 2 scrolls of fear
Potions
 d - 6 potions of might
 e - 10 potions of curing
 g - 10 potions of heal wounds
 h - 6 potions of haste
 i - 7 potions of magic
 j - 3 potions of berserk rage
 J - 2 potions of brilliance
 K - 2 potions of invisibility
 L - 4 potions of resistance
 M - a potion of experience
 N - 5 potions of agility
Miscellaneous
 w - a lightning rod (4/4)
 E - a crystal ball of energy
Comestibles
 f - 7 rations


   Skills:
 + Level 4.1 Fighting
 + Level 2.8 Axes
 + Level 4.9 Armour
 + Level 4.9 Shields


You had 2 spell levels left.
You didn't know any spells.
Your spell library contained the following spells:

 Spells                   Type           Power        Failure   Level  Hunger
 Pain                     Necr           #...         100%        1    ##.....
 Throw Flame              Conj/Fire      #.....       100%        2    ###....
 Ignite Poison            Fire/Tmut/Pois #.......     100%        3    ####...
 Vampiric Draining        Necr           #.........   100%        3    ####...
 Bolt of Fire             Conj/Fire      #.........   100%        6    #######


Dungeon Overview and Level Annotations

Branches:
Dungeon (1/1)

Altars:
Ashenzari
Cheibriados
Dithmenos
Elyvilon
Fedhas
Gozag
Hepliaklqana
Kikubaaqudgha
Makhleb
Nemelex Xobeh
Okawaru
Qazlal
Ru
Sif Muna
Trog
Uskayaw
Vehumet
Wu Jian
Xom
Yredelemnul
Zin
The Shining One
Beogh
Jiyva
Lugonu

Annotations:
D 1 transporter


Innate Abilities, Weirdness & Mutations

You are resistant to damage.
You can heal yourself by infusing magical energy.
You passively map a small area around you.
You do not regenerate.


Message History

The draconian barely misses you.
The draconian hits you but does no damage. x4
The draconian barely misses you.
You hit the draconian.
The draconian is poisoned.
The draconian is heavily wounded.
The draconian hits you with a dagger.
* * * LOW HITPOINT WARNING * * *
The draconian hits you but does no damage. x3
You cannot blink because you are wearing the +15 Maxwell's patent armour {-Cast You barely miss the draconian.
The draconian is heavily wounded.
The draconian hits you but does no damage. x3
The draconian hits you with an uncursed staff of conjuration.
* * * LOW HITPOINT WARNING * * *
You closely miss the draconian.
The draconian is heavily wounded.
The draconian hits you but does no damage. x2
The draconian hits you with an uncursed staff of conjuration.
The draconian hits you with a dagger!
You die...

▓▓▓▓▓▓▓▓▓▓▓▓▓
▓.8©8.▓.8©8.▓
,
▓.%)".▓.....▓
,
▓.....▓...[.▓
,
▓.....▓.))..▓
▓.....▓.....▓
* ,
▓ddd..▓..©..▓
,
,▓.@©..▓▓▓▓▓▓▓
* *▓▓▓▓▓▓▓** *
© * * , , , ,
, , ,,, ,, * ,
, , , *


You could see 3 draconians.

Vanquished Creatures
  An orc priest (D)
  An orc (D)
2 creatures vanquished.

Vanquished Creatures (others)
  4 azure jellies (D)
  3 death oozes (D)
  Purgy (D)
  Jessica (D)
9 creatures vanquished.

Grand Total: 11 creatures vanquished

Notes
Turn   | Place    | Note
-------+----------+-------------------------------------------
     0 | D        | Found the +6 Majin-Bo {vamp, Archmagi MP+6 Int+6}
     0 | D        | Found the +7 great mace "Firestarter" {inner flame, rF++}
     0 | D        | Barsley the Deep Dwarf Fighter began the quest for the Orb.
     0 | D        | Reached XP level 1. HP: 20/20 MP: 1/1
     0 | D        | Found a blossoming altar of Fedhas.
     1 | D        | Found a transporter.
     1 | D        | Found a viscous altar of Jiyva.
     1 | D        | Found an ancient bone altar of Kikubaaqudgha.
     1 | D        | Found a hazy altar of Hepliaklqana.
     1 | D        | Found a corrupted altar of Lugonu.
     1 | D        | Found an opulent altar of Gozag.
     1 | D        | Found a burning altar of Makhleb.
    12 | D        | Found an iron altar of Okawaru.
    12 | D        | Found a stormy altar of Qazlal.
    12 | D        | Found a sparkling altar of Nemelex Xobeh.
    12 | D        | Found a sacrificial altar of Ru.
    12 | D        | Found a deep blue altar of Sif Muna.
    16 | D        | Found the +9 heavy crossbow "Sniper" {velocity, Acc+∞ SInv}
    16 | D        | Found the +10 dark maul {crush}
    16 | D        | Found the +15 Maxwell's patent armour {-Cast -Tele rElec
                  | MR+ rCorr}
    16 | D        | Found the +18 shield of the Gong {rElec rN+ MR+ EV-5}
    16 | D        | Found the cursed +14 obsidian axe {chop, +Fly SInv *Curse}
    16 | D        | Killed a death ooze
    25 | D        | Killed an azure jelly
    27 | D        | Killed an azure jelly
    30 | D        | Killed an azure jelly
    32 | D        | Killed a death ooze
    34 | D        | Killed a death ooze
    38 | D        | Found the +6 shillelagh "Devastator" {shatter}
    38 | D        | Found the +11 plutonium sword {*Contam Stlth-}
    38 | D        | Found the +8 lance "Wyrmbane" {slay drac, rPois rF+ rC+
                  | AC+3}
    38 | D        | Found the +9 sword of Zonguldrok {reap}
    38 | D        | Found the cursed +13 scythe of Curses {drain, *Curse}
    38 | D        | Found the +0 sword of Power
    38 | D        | Found the +7 mace of Variability {chain chaos}
    38 | D        | Found the +7 Singing Sword
    38 | D        | Found the +7 longbow "Piercer" {penet, EV-2}
    40 | D        | Found a bloodstained altar of Trog.
    92 | D        | Killed Jessica
   112 | D        | Killed an azure jelly
   126 | D        | Became a worshipper of Qazlal Stormbringer
   141 | D        | Killed Purgy
   149 | D        | Entered arena 2.
   149 | D        | Noticed an orc priest
   149 | D        | Found a transporter.
   152 | D        | Killed an orc priest
   152 | D        | Reached XP level 2. HP: 30/30 MP: 2/2
   153 | D        | Reached XP level 3. HP: 36/36 MP: 3/3
   156 | D        | Got the Disquisition on Igneous Evil
   165 | D        | Entered arena 3.
   165 | D        | Noticed a draconian
   165 | D        | Noticed a draconian
   165 | D        | Noticed a draconian
   165 | D        | Found a transporter.
   178 | D        | Slain by a draconian

Skill      XL: |  1 |
---------------+----+-----
Fighting       | 4 |  4.1
Armour         | 4 |  4.9
Shields        | 4 |  4.9
Axes           | |  2.8

Action                   || total
-------------------------++-------
Melee: Great mace        ||    13
Evoke: Wand              ||     2
Armor: Plate armour      ||    26
Dodge: Dodged            ||     8
